 Dungeon Crawl Stone Soup version 0.28-a0-845-gfc338a8e3c (webtiles) character file.

Game seed: 6731176809542607900

74 spiderkeys the Ducker (level 4, -2/27 HPs)
             Began as a Deep Elf Abyssal Knight on Nov 13, 2021.
             Was a Believer of Lugonu.
             Slain by an orc priest (3 damage)
             ... on level 3 of the Dungeon.
             The game lasted 00:03:29 (2118 turns).

spiderkeys the Ducker (Deep Elf Abyssal Knight)     Turns: 2118, Time: 00:03:29

Health: -2/27      AC:  9    Str: 10    XL:     4   Next: 10%
Magic:  8/8        EV: 10    Int: 16    God:    Lugonu [**....]
Gold:   145        SH:  6    Dex: 15    Spells: 3/3 levels left

rFire   . . .      SeeInvis .   k - +0 whip (elec)
rCold   . . .      Faith    +   d - +2 buckler
rNeg    + . .      Spirit   .   c - +3 ring mail {rN+}
rPois   .          Reflect  .   (no helmet)
rElec   .          Harm     .   (no cloak)
rCorr   .          Rampage  .   (no gloves)
Will    .....                   f - +0 pair of boots
Stlth   +.........              T - amulet of faith {!P}
HPRegen 0.09/turn               (no ring)
MPRegen 0.11/turn               (no ring)

@: no status effects
A: no striking features
a: Renounce Religion, Depart the Abyss, Bend Space


You were on level 3 of the Dungeon.
You worshipped Lugonu.
Lugonu was pleased with you.
You visited 1 branch of the dungeon, and saw 3 of its levels.
You visited the Abyss 1 time.

You collected 145 gold pieces.


   Skills:
 + Level 2.8 Fighting
 + Level 2.6 Short Blades
 - Level 0.7 Armour
 + Level 3.2 Dodging
 + Level 1.0 Shields
 + Level 2.8 Invocations


You had 3 spell levels left.
You didn't know any spells.
Your spell library was empty.

Inventory:

Hand Weapons
 a - a +1 short sword
 k - a +0 whip of electrocution (weapon)
   (You took it off a kobold on level 2 of the Dungeon)
Missiles
 e - 116 stones
 h - 17 sling bullets
 j - 18 arrows
 l - 27 bolts
Armour
 b - a +0 leather armour
 c - a +3 ring mail of positive energy (worn)
   (You found it on level 3 of the Abyss)
 d - a +2 buckler (worn)
   (You found it on level 1 of the Dungeon)
 f - a +0 pair of boots (worn)
   (You found it on level 1 of the Dungeon)
Magical Staves
 i - a staff of earth {!a}
   (You found it on level 1 of the Dungeon)
Jewellery
 T - an amulet of faith (around neck) {!P}
   (You found it on level 1 of the Abyss)
Wands
 m - a wand of polymorph (1)
   (You took it off Jessica on level 3 of the Dungeon)
Potions
 n - a potion of resistance {unknown}

Dungeon Overview and Level Annotations

Branches:
Dungeon (3/15)

Altars:

###### . #....# ...
#....#
....#########....##
#$.........#..†...#
#.....o@...'......+
#.....r)...#......#
....#########....##
... #....# . #....#
##########''########
≈≈≈≈≈≈≈≈≈....≈≈≈≈≈≈≈
≈≈≈≈≈≈≈≈≈....≈≈≈≈≈≈≈
≈≈≈≈≈≈≈≈.....≈≈≈≈≈≈≈


You could see an orc priest and a rat.


Message History

You barely miss the kobold. The kobold hits you.
The kobold hits you but does no damage. x2 😕 HP[-1]
You take 1 damage, and now have 26/27 hp.
You barely miss the kobold.
The kobold hits you but does no damage. x2
You barely miss the kobold. The kobold hits you. The kobold closely misses you.
You hit the kobold but do no damage. The kobold barely misses you.
The kobold misses you.
You closely miss the kobold. The kobold barely misses you.
The kobold hits you but does no damage.
You hit the kobold. You block the kobold's attack. x2
The kobold closely misses you.
You closely miss the kobold. The kobold hits you but does no damage.
You block the kobold's attack.
You barely miss the kobold. The kobold closely misses you.
The kobold hits you but does no damage.
You hit the kobold.
You kill the kobold!
Lugonu accepts your kill. The kobold closely misses you.
Your Shields skill increases to level 1!
You hit the kobold. The kobold hits you but does no damage.
You closely miss the kobold. The kobold hits you but does no damage.
You hit the kobold.
You kill the kobold!
Lugonu accepts your kill.
No target in view!
e - 106 stones (gained 11)
You see here a kobold corpse. 😎 HP[+1]
Your hp is fully restored (27).
e - 116 stones (gained 10) As you open the door, it creaks loudly!
You hear a shout!
An orc comes into view. It is wielding a +0 dagger.
There is an open door here.
An orc is nearby!
An orc is nearby!
An orc comes into view. It is wielding a +0 flail.
An orc priest comes into view. It is wielding a +0 short sword.
The orc shouts!
The orc priest shouts!
You hit the orc. Lightning courses through the orc!
You kill the orc!
Lugonu accepts your kill.
A rat comes into view.
Things that are here:
a +0 dagger; a +0 leather armour; an orc corpse You hit the orc.
Unknown command.
You hit the orc but do no damage.
The orc priest begins to cast a cantrip, but forgets the words!
The orc hits you but does no damage.
You barely miss the orc. The orc barely misses you.
You hit the orc priest.
The orc priest hits you with a +0 short sword.
The rat bites you but does no damage. The orc barely misses you. 😕 HP[-5]
You take 5 damage, and now have 22/27 hp.
You barely miss the orc priest. The rat barely misses you.
The orc priest closely misses you. The orc barely misses you.
The rat barely misses you.
The orc priest hits you but does no damage.
You barely miss the orc. The orc hits you but does no damage.
The orc priest hits you but does no damage.
The rat barely misses you. The orc barely misses you.
You closely miss the orc. The rat bites you but does no damage.
The orc priest mumbles some strange prayers to Beogh against you.
Pain shoots through your body! The orc closely misses you. 😮 HP[-4]
You take 4 damage, and now have 18/27 hp.
You hit the orc.
You kill the orc!
Lugonu accepts your kill. The rat bites you.
The orc priest invokes the aid of Beogh against you.
Pain shoots through your body! 😮 HP[-3]
You take 3 damage, and now have 15/27 hp.
You hit the orc priest. You block the rat's attack.
The orc priest closely misses you.
You closely miss the orc priest.
The orc priest hits you but does no damage.
The rat bites you but does no damage.
You closely miss the orc priest. The rat barely misses you.
The orc priest hits you but does no damage.
The rat bites you.
The orc priest hits you but does no damage. 😮 HP[-1]
You take 1 damage, and now have 14/27 hp.
You closely miss the orc priest.
The orc priest calls down the wrath of Beogh upon you.
Beogh smites you!
* * * LOW HITPOINT WARNING * * *
The rat closely misses you. 😱 HP[-13]
You take 13 damage, and now have 1/27 hp.
MASSIVE DAMAGE!! (PAUSE) It was a potion of magic.
Magic courses through your body. You block the rat's attack.
The orc priest hits you with a +0 short sword.
You die...

Skill      XL: |  1  2  3  4 |
---------------+-------------+-----
Dodging        | 3 |  3.2
Shields        | 1 |  1.0
Fighting       | |  2.8
Short Blades   | |  2.6
Armour         | |  0.7
Invocations    | |  2.8

Action                   |  1- 3 |  4- 6 || total
-------------------------+-------+-------++-------
Melee: Short sword       |    57 |       ||    57
       Whip              |    45 |    27 ||    72
Invok: Depart the Abyss  |     1 |       ||     1
  Use: Scroll            |     3 |       ||     3
       Potion            |       |     1 ||     1
Armor: Ring mail         |    49 |    21 ||    70
Dodge: Dodged            |    42 |    22 ||    64
Block: Buckler           |    32 |     7 ||    39

Levels and vault maps discovered:
D:1:      amcnicky_arrival_gap_in_the_tavern_cellar, layout_rooms
D:2:      layout_loops_cross, shapermc_ecumenical_altar_mp_vishouse,
          minmay_pentomino_o2
D:3:      minmay_goblin_kobold_castle, layout_loops_corners, serial_glass,
          glass_columns_a, glass_columns_c, uniq_jessica

Notes
Turn   | Place    | Note
-------+----------+-------------------------------------------
     0 | Abyss:1  | spiderkeys the Deep Elf Abyssal Knight began the quest for
                  | the Orb.
     0 | Abyss:1  | Reached XP level 1. HP: 13/13 MP: 4/4
     0 | Abyss:1  | magus.rc [v1.9.10]
    66 | Abyss:1  | Found a corrupted altar of Lugonu.
   153 | Abyss:1  | Noticed a large abomination
   174 | Abyss:2  | Found a corrupted altar of Lugonu.
   238 | Abyss:3  | Noticed a tentacled starspawn
   253 | Abyss:3  | Noticed a small abomination
   266 | Abyss:3  | Noticed a raiju
   269 | D:1      | You pass through the gate.
   269 | D:1      | Escaped the Abyss
   433 | D:1      | Reached * piety under Lugonu
   559 | D:1      | Reached XP level 2. HP: 18/18 MP: 5/5
  1444 | D:2      | Reached XP level 3. HP: 22/22 MP: 6/6
  1680 | D:2      | Found a faded altar of an unknown god.
  1684 | D:2      | Reached skill level 3 in Dodging
  1734 | D:3      | Noticed Jessica
  1769 | D:3      | Killed Jessica
  2036 | D:3      | Reached ** piety under Lugonu
  2040 | D:3      | Reached XP level 4. HP: 27/27 MP: 8/8
  2090 | D:3      | Reached skill level 1 in Shields
  2117 | D:3      | HP: 1/27 [orc priest/divine providence (13)]
  2118 | D:3      | Slain by an orc priest

Vanquished Creatures
  Jessica (D:3)
  2 orcs (D:3)
  2 ball pythons (D:2)
  3 endoplasms
  3 giant cockroaches (D:1)
  5 hobgoblins
  2 quokkas (D:2)
  7 bats
  12 kobolds
  3 rats
40 creatures vanquished.

Vanquished Creatures (others)
  A lurking horror (Abyss:2)
  2 starspawn tentacles (Abyss:3)
3 creatures vanquished.

Grand Total: 43 creatures vanquished

Table legend:
 A = Non-vault XP
 B = Vault XP
 C = Vault XP percentage of total XP
 D = Non-vault monster count
 E = Vault monster count
 F = Vault count percentage of total count
                 A         B        C        D         E       F
            +---------+---------+-------+---------+---------+-------
      Total |      62 |      45 |  42.1 |      34 |       6 |  15.0
            +---------+---------+-------+---------+---------+-------
        D:1 |      29 |       0 |   0.0 |      17 |       0 |   0.0
        D:2 |      23 |       3 |  11.5 |      12 |       2 |  14.3
        D:3 |      10 |      42 |  80.8 |       5 |       4 |  44.4
            +---------+---------+-------+---------+---------+-------

Illustrated notes

Table legend:
 A = Kills in this place as a percentage of kills in entire the game.
 B = Kills by you in this place as a percentage of kills by you in the entire game.
 C = Kills by friends in this place as a percentage of kills by friends in the entire game.
 D = Other kills in this place as a percentage of other kills in the entire game.
 E = Experience gained in this place as a percentage of experience gained in the entire game.
 F = Experience gained in this place divided by the number of levels of this place that you have seen.
                   A       B       C       D       E      F
               +-------+-------+-------+-------+-------+----------------------
         Total | 100.0 | 100.0 |   N/A |   N/A | 100.0 |  17.8
       Dungeon | 100.0 | 100.0 |   N/A |   N/A | 100.0 |  35.7
               +-------+-------+-------+-------+-------+----------------------

Table legend: (Time is in decaauts)
 A = Elapsed time spent in this place.
 B = Non-inter-level travel time spent in this place.
 C = Inter-level travel time spent in this place.
 D = Time resting spent in this place.
 E = Time spent auto-exploring this place.
 F = Levels seen in this place.
 G = Mean time per level.
                   A        B        C        D        E       F      G
               +--------+--------+--------+--------+--------+-----+--------+
         Total |   2130 |   2092 |     38 |    262 |   1370 |   6 |  355.0 |
       Dungeon |   1862 |   1824 |     38 |    262 |   1224 |   3 |  620.7 |
         Abyss |    268 |    268 |      0 |      0 |    146 |   3 |   89.3 |
               +--------+--------+--------+--------+--------+-----+--------+

Top non-repeatable levels by time:
     D:1: 803 daAuts
     D:2: 656 daAuts
     D:3: 402 daAuts
 Abyss:1: 174 daAuts
 Abyss:3: 62 daAuts
 Abyss:2: 31 daAuts
